MID
WEST VIRGINIA POWER @ WISCONSIN TIMBER RATTLERS
05/23/2048
 
TOP OF THE 1ST
West Virginia Power batting - Pitching for Wisconsin Timber Rattlers : LHP Mike Moffett
Pitching: LHP Mike Moffett
Batting: RHB Ken Manser 0-0: Called Strike
0-1: Called Strike
0-2: Ball
1-2: Strikes out swinging
Batting: RHB Chris McCoy 0-0: SINGLE (Groundball, 4MD, EV 102.5 MPH)
Batting: LHB Gregg Kellerman Pickoff Play to 1st, Runner tries for 2nd, OUT after rundown.
0-0: Called Strike
0-1: Ball
1-1: Swinging Strike
1-2: Ball
2-2: Strikes out swinging
Top of the 1st over - 0 runs, 1 hit, 0 errors, 0 left on base; West Virginia 0 - Wisconsin 0
BOTTOM OF THE 1ST
Wisconsin Timber Rattlers batting - Pitching for West Virginia Power : RHP Tony Ortiz
Pitching: RHP Tony Ortiz
Batting: RHB Chris Maul 0-0: Ball
1-0: Called Strike
1-1: Swinging Strike
1-2: Fly out, F3 (Popup, 3, EV 69.4 MPH)
Batting: SHB Aaron Neill 0-0: Ball
1-0: Ball
2-0: Ground out 4-3 (Groundball, 34D, EV 106.9 MPH)
Batting: SHB Justin Hensley 0-0: Foul Ball, location: 2F
0-1: Ball
1-1: Ball
2-1: Ball
3-1: Called Strike
3-2: DOUBLE (Flyball, 9LD, EV 92.5 MPH)
Batting: LHB Jason Raker 0-0: SINGLE (Groundball, 34D, EV 96.2 MPH)
Justin Hensley to third
Runner from 3rd tries for Home, throw by RF and OUT! 9-2
Bottom of the 1st over - 0 runs, 2 hits, 0 errors, 1 left on base; West Virginia 0 - Wisconsin 0
TOP OF THE 2ND
West Virginia Power batting - Pitching for Wisconsin Timber Rattlers : LHP Mike Moffett
Batting: RHB Jeff Edwards 0-0: Ball
1-0: Called Strike
1-1: Foul Ball, location: 2F
1-2: DOUBLE (Line Drive, 78D, EV 102.5 MPH)
Batting: LHB Joe Wise 0-0: Ball
1-0: Called Strike
1-1: Ground out 6-3 (Groundball, 6, EV 87.5 MPH)
Batting: RHB Tom Tate 0-0: Called Strike
0-1: Ball
1-1: Ball
2-1: Ball
3-1: Ground out 6-3 (Groundball, 6MD, EV 83.1 MPH)
Jeff Edwards to third
Batting: LHB Donald Imre 0-0: Ground out 2-3 (Groundball, 2R, EV 66.2 MPH)
Top of the 2nd over - 0 runs, 1 hit, 0 errors, 1 left on base; West Virginia 0 - Wisconsin 0
BOTTOM OF THE 2ND
Wisconsin Timber Rattlers batting - Pitching for West Virginia Power : RHP Tony Ortiz
Batting: LHB Karel Hort 0-0: Ball
1-0: Swinging Strike
1-1: Ball
2-1: Foul Ball, location: 2F
2-2: Ball
3-2: Foul Ball, location: 2F
3-2: Base on Balls
Batting: RHB Jose Cerritos 0-0: Called Strike
0-1: Called Strike
0-2: Foul Ball, location: 2F
0-2: Strikes out swinging
Batting: LHB Greg Reedy 0-0: Called Strike
0-1: Ball
1-1: Ball
2-1: Ball
3-1: Called Strike
3-2: Foul Ball, location: 2F
3-2: Base on Balls
Karel Hort to second
Batting: SHB Craig Wright 0-0: Ball
1-0: Grounds into double play, 4-6-3 (Groundball, 4MD, EV 86.2 MPH)
Bottom of the 2nd over - 0 runs, 0 hits, 0 errors, 1 left on base; West Virginia 0 - Wisconsin 0
TOP OF THE 3RD
West Virginia Power batting - Pitching for Wisconsin Timber Rattlers : LHP Mike Moffett
Batting: RHB Rick Pittman 0-0: Ball
1-0: Ball
2-0: Called Strike
2-1: Swinging Strike
2-2: Strikes out swinging
Batting: LHB Brandon Sarni 0-0: Ground out 4-3 (Groundball, 4, EV 90.6 MPH)
Batting: RHB Ken Manser 0-0: Ball
1-0: Foul Ball, location: 2F
1-1: Called Strike
1-2: Ball
2-2: Ball
3-2: Foul Ball, location: 2F
3-2: Foul Ball, location: 2F
3-2: Strikes out looking
Top of the 3rd over - 0 runs, 0 hits, 0 errors, 0 left on base; West Virginia 0 - Wisconsin 0
BOTTOM OF THE 3RD
Wisconsin Timber Rattlers batting - Pitching for West Virginia Power : RHP Tony Ortiz
Batting: SHB Robert Sayer 0-0: Swinging Strike
0-1: Foul Ball, location: 2F
0-2: Strikes out swinging, 2-3 out at first.
Batting: RHB Chris Maul 0-0: Called Strike
0-1: SINGLE (Groundball, 6M, EV 99.4 MPH) (infield hit)
Batting: SHB Aaron Neill 0-0: Ball
1-0: Ball
2-0: Foul Ball, location: 2F
2-1: Fly out, F4 (Popup, 4MD, EV 35.6 MPH)
Batting: SHB Justin Hensley 0-0: Ball
1-0: Ball
2-0: Ball
3-0: Called Strike
3-1: Base on Balls
Chris Maul to second
Batting: LHB Jason Raker 0-0: Ball
1-0: Fly out, F4 (Popup, 4M, EV 61.2 MPH)
Bottom of the 3rd over - 0 runs, 1 hit, 0 errors, 2 left on base; West Virginia 0 - Wisconsin 0
TOP OF THE 4TH
West Virginia Power batting - Pitching for Wisconsin Timber Rattlers : LHP Mike Moffett
Batting: RHB Chris McCoy 0-0: Ball
1-0: Ball
2-0: Foul Ball, location: 2F
2-1: Fly out, F3 (Popup, 3S, EV 78.8 MPH)
Batting: LHB Gregg Kellerman 0-0: Called Strike
0-1: Foul Ball, location: 2F
0-2: Foul Ball, location: 2F
0-2: Strikes out looking
Batting: RHB Jeff Edwards 0-0: SINGLE (Groundball, 6MD, EV 108.1 MPH)
Batting: LHB Joe Wise 0-0: Foul Ball, location: 2F
0-1: Ball
1-1: Ball
2-1: Foul Ball, location: 2F
2-2: Ball
3-2: Strikes out looking
Top of the 4th over - 0 runs, 1 hit, 0 errors, 1 left on base; West Virginia 0 - Wisconsin 0
BOTTOM OF THE 4TH
Wisconsin Timber Rattlers batting - Pitching for West Virginia Power : RHP Tony Ortiz
Batting: LHB Karel Hort 0-0: Ball
1-0: Foul Ball, location: 2F
1-1: Ball
2-1: Fly out, F7 (Flyball, 7S, EV 96.2 MPH)
Batting: RHB Jose Cerritos 0-0: Ball
1-0: SINGLE (Groundball, 34S, EV 64.4 MPH) (infield hit)
Batting: LHB Greg Reedy 0-0: Called Strike
0-1: Ball
1-1: Swinging Strike
1-2: Strikes out looking
Batting: SHB Craig Wright 0-0: Fielders Choice at 2nd, 6-4 (Groundball, 6, EV 110.6 MPH)
Bottom of the 4th over - 0 runs, 1 hit, 0 errors, 1 left on base; West Virginia 0 - Wisconsin 0
TOP OF THE 5TH
West Virginia Power batting - Pitching for Wisconsin Timber Rattlers : LHP Mike Moffett
Batting: RHB Tom Tate 0-0: Ball
1-0: Foul Ball, location: 2F
1-1: Fly out, F8 (Line Drive, 8LS, EV 93.8 MPH)
Batting: LHB Donald Imre 0-0: Ball
1-0: DOUBLE (Line Drive, 3D, EV 102.5 MPH)
Batting: RHB Rick Pittman 0-0: Ball
1-0: Called Strike
1-1: Called Strike
1-2: Strikes out looking
Batting: LHB Brandon Sarni 0-0: Ball
1-0: Swinging Strike
1-1: Foul Ball, location: 2F
1-2: Foul Ball, location: 2F
1-2: Strikes out looking
Top of the 5th over - 0 runs, 1 hit, 0 errors, 1 left on base; West Virginia 0 - Wisconsin 0
BOTTOM OF THE 5TH
Wisconsin Timber Rattlers batting - Pitching for West Virginia Power : RHP Tony Ortiz
Batting: SHB Robert Sayer 0-0: Hit by Pitch
Batting: RHB Chris Maul 0-0: Ball
1-0: Called Strike
1-1: Swinging Strike
1-2: Grounds into double play, 6-4-3 (Groundball, 6, EV 101.9 MPH)
Batting: SHB Aaron Neill 0-0: Ball
1-0: Ground out U3 (Groundball, 34S, EV 82.5 MPH)
Bottom of the 5th over - 0 runs, 0 hits, 0 errors, 0 left on base; West Virginia 0 - Wisconsin 0
TOP OF THE 6TH
West Virginia Power batting - Pitching for Wisconsin Timber Rattlers : LHP Mike Moffett
Batting: RHB Ken Manser 0-0: Called Strike
0-1: Ball
1-1: Ball
2-1: Called Strike
2-2: Foul Ball, location: 2F
2-2: Fly out, F3 (Line Drive, 3L, EV 67.5 MPH)
Batting: RHB Chris McCoy 0-0: Ball
1-0: Ball
2-0: Called Strike
2-1: Swinging Strike
2-2: Foul Ball, location: 2F
2-2: Ball
3-2: Foul Ball, location: 2F
3-2: Foul Ball, location: 2F
3-2: Foul Ball, location: 2F
3-2: Ground out 6-3 (Groundball, 6, EV 86.2 MPH)
Batting: LHB Gregg Kellerman 0-0: Foul Ball, location: 2F
0-1: Ball
1-1: Swinging Strike
1-2: Ground out 5-3 (Groundball, 56S, EV 83.8 MPH)
Top of the 6th over - 0 runs, 0 hits, 0 errors, 0 left on base; West Virginia 0 - Wisconsin 0
BOTTOM OF THE 6TH
Wisconsin Timber Rattlers batting - Pitching for West Virginia Power : RHP Tony Ortiz
Batting: SHB Justin Hensley 0-0: DOUBLE (Line Drive, 9LM, EV 111.9 MPH)
Batting: LHB Jason Raker 0-0: Ball
1-0: SINGLE (Flyball, 7S, EV 85.0 MPH)
Justin Hensley to third
Batting: LHB Karel Hort 0-0: Ball
1-0: Called Strike
1-1: Swinging Strike
Passed Ball!
Justin Hensley scores
Jason Raker to second
1-2: SINGLE (Groundball, 34D, EV 106.2 MPH)
Jason Raker to third
Runner from 3rd tries for Home, throw by RF and OUT! 9-2
Batting: RHB Jose Cerritos 0-0: Foul Ball, location: 2F
0-1: Ball
1-1: Fielders Choice at 2nd, 4-6 (Groundball, 4, EV 80.0 MPH)
Batting: LHB Greg Reedy 0-0: Ball
1-0: Ground out U3 (Groundball, 3L, EV 104.4 MPH)
Bottom of the 6th over - 1 run, 3 hits, 0 errors, 1 left on base; West Virginia 0 - Wisconsin 1
TOP OF THE 7TH
West Virginia Power batting - Pitching for Wisconsin Timber Rattlers : LHP Mike Moffett
Batting: RHB Jeff Edwards 0-0: Ball
1-0: Ball
2-0: Ball
3-0: Base on Balls
Pitching: RHP Jon Warren
Batting: LHB Joe Wise 0-0: Foul Ball, location: 2F
0-1: Called Strike
0-2: Strikes out swinging
Batting: RHB Tom Tate 0-0: Ball
1-0: Ball
2-0: Called Strike
2-1: Ball
3-1: Base on Balls
Jeff Edwards to second
Batting: LHB Donald Imre 0-0: Ball
1-0: Ball
2-0: Swinging Strike
2-1: Called Strike
2-2: Strikes out swinging
Batting: RHB Rick Pittman 0-0: Ball
1-0: Ball
2-0: Foul Ball, location: 2F
2-1: Called Strike
2-2: Strikes out swinging
Top of the 7th over - 0 runs, 0 hits, 0 errors, 2 left on base; West Virginia 0 - Wisconsin 1
BOTTOM OF THE 7TH
Wisconsin Timber Rattlers batting - Pitching for West Virginia Power : RHP Tony Ortiz
Batting: SHB Craig Wright 0-0: Ground out U3 (Groundball, 3, EV 80.6 MPH)
Batting: SHB Robert Sayer 0-0: Ground out 5-3 (Groundball, 56, EV 106.9 MPH)
Batting: RHB Chris Maul 0-0: Foul Ball, location: 2F
0-1: Swinging Strike
0-2: Ball
1-2: Ball
2-2: Strikes out swinging, 2-3 out at first.
Bottom of the 7th over - 0 runs, 0 hits, 0 errors, 0 left on base; West Virginia 0 - Wisconsin 1
TOP OF THE 8TH
West Virginia Power batting - Pitching for Wisconsin Timber Rattlers : RHP Jon Warren
Batting: LHB Brandon Sarni 0-0: Foul Ball, location: 2F
0-1: Ball
1-1: Ball
2-1: Ball
3-1: Foul Ball, location: 2F
3-2: Base on Balls
Batting: RHB Ken Manser 0-0: Bunt missed!
0-1: Ball
1-1: Bunted foul
1-2: Strikes out looking
Batting: RHB Chris McCoy 0-0: Ball
1-0: SINGLE (Groundball, 34, EV 97.5 MPH)
Brandon Sarni to second
Brandon Sarni to third
Batting: LHB Gregg Kellerman 0-0: Swinging Strike
0-1: SINGLE (Groundball, 34D, EV 105.6 MPH)
Brandon Sarni scores
Chris McCoy to second
Runner from 2nd tries for 3rd, SAFE, throw by RF made to third
Batting: RHB Jeff Edwards 0-0: Ball
1-0: Called Strike
1-1: Foul Ball, location: 2F
1-2: Ball
2-2: Ball
3-2: Foul Ball, location: 2F
3-2: Foul Ball, location: 2F
3-2: Strikes out swinging
Pitching: RHP Ben Bosley
Batting: LHB Joe Wise 0-0: Called Strike
0-1: Swinging Strike
0-2: Ball
1-2: Strikes out swinging
Top of the 8th over - 1 run, 2 hits, 0 errors, 2 left on base; West Virginia 1 - Wisconsin 1
BOTTOM OF THE 8TH
Wisconsin Timber Rattlers batting - Pitching for West Virginia Power : RHP Tony Ortiz
Batting: SHB Aaron Neill 0-0: DOUBLE (Line Drive, 5D, EV 96.2 MPH)
Batting: SHB Justin Hensley 0-0: Ball
1-0: Foul Ball, location: 2F
1-1: Ball
2-1: Swinging Strike
2-2: Foul Ball, location: 2F
2-2: Strikes out swinging
Pitching: RHP Fred McIlrath
Batting: LHB Jason Raker 0-0: Ball
1-0: SINGLE (Line Drive, 7LS, EV 92.5 MPH)
Aaron Neill to third
Batting: LHB Karel Hort 0-0: Called Strike
0-1: Called Strike
Jason Raker is caught stealing 2nd base 2-6
0-2: Ball
1-2: Strikes out swinging
Bottom of the 8th over - 0 runs, 2 hits, 0 errors, 1 left on base; West Virginia 1 - Wisconsin 1
TOP OF THE 9TH
West Virginia Power batting - Pitching for Wisconsin Timber Rattlers : RHP Ben Bosley
Pitching: RHP Sal Contreras
Batting: RHB Tom Tate 0-0: Called Strike
0-1: Ball
1-1: Called Strike
1-2: Ball
2-2: Ball
3-2: Base on Balls
Batting: LHB Donald Imre 0-0: Sac Bunt to P - play at first, batter OUT! 1-3
Tom Tate to second
Batting: RHB Rick Pittman 0-0: Called Strike
0-1: Foul Ball, location: 2F
0-2: Strikes out swinging
Batting: LHB Brandon Sarni 0-0: Called Strike
0-1: Swinging Strike
0-2: Ball
1-2: Foul Ball, location: 2F
1-2: Strikes out swinging
Top of the 9th over - 0 runs, 0 hits, 0 errors, 1 left on base; West Virginia 1 - Wisconsin 1
BOTTOM OF THE 9TH
Wisconsin Timber Rattlers batting - Pitching for West Virginia Power : RHP Fred McIlrath
Pinch Hitting: LHB Tyler Francis 0-0: Ball
1-0: Swinging Strike
1-1: Ball
2-1: Ball
3-1: Base on Balls
Batting: LHB Greg Reedy 0-0: Ball
1-0: SINGLE (Groundball, 6MD, EV 102.5 MPH)
Tyler Francis to second
Runner from 2nd tries for 3rd, SAFE, throw by CF made to third
Batting: SHB Craig Wright 0-0: Called Strike
0-1: SINGLE (Line Drive, 78S, EV 111.9 MPH)
Tyler Francis scores
Bottom of the 9th over - 1 run, 2 hits, 0 errors, 1 left on base; West Virginia 1 - Wisconsin 2
Tuesday, March 28th , 2023 - OOTP Baseball 23.10 Build 110